 Dungeon Crawl Stone Soup version 0.30-a0-912-ge10d75a369 (webtiles) character file.

Game seed: 1908463195340649674

102 Aequonox the Digger (level 4, -3/24 HPs)
             Began as a Gargoyle Earth Elementalist on Mar 19, 2023.
             Killed from afar by a white imp (9 damage)
             ... with a puff of frost
             ... summoned by Eustachio
             ... on level 3 of the Dungeon.
             The game lasted 00:07:57 (2072 turns).

Aequonox the Digger (Gargoyle Earth Elementalist)   Turns: 2072, Time: 00:07:59

Health: -3/24      AC:  6    Str: 11    XL:     4   Next: 78%
Magic:  1/7        EV: 12    Int: 16    God:
Gold:   129        SH:  0    Dex: 12    Spells: 4/8 levels left

rFire   . . .      SeeInvis .    s - +0 flail (heavy)
rCold   . . .      Faith    .    (no shield)
rNeg    + . .      Spirit   .    a - +0 robe
rPois   ∞          Reflect  .    (no helmet)
rElec   +          Rampage  .    (no cloak)
rCorr   .                        (no gloves)
Will    .....                    j - +0 pair of boots
Stlth   ++                       (no amulet)
HPRegen 0.24/turn                (no ring)
MPRegen 0.10/turn                (no ring)

@: brilliant
A: sickness immunity, AC +3, negative energy resistance 1, electricity
resistance, torment resistance 1, petrification resistance
a: no special abilities


You were on level 3 of the Dungeon.
You visited 1 branch of the dungeon, and saw 4 of its levels.

You collected 129 gold pieces.

Inventory:

Hand Weapons
 s - a +0 heavy flail (weapon)
Armour
 a - a +0 robe (worn)
 j - a +0 pair of boots (worn)
Magical Staves
 e - a staff of air
Scrolls
 d - a scroll of fear
 g - a scroll of torment {unknown}
 i - 3 scrolls of amnesia
 k - a scroll of teleportation {unknown}
 m - 2 scrolls of enchant weapon
Potions
 b - a potion of magic
 h - a potion of resistance {unknown}
 n - a potion of invisibility {unknown}
 o - a potion of degeneration {unknown}
 p - a potion of brilliance
 q - a potion of curing {unknown}
 r - a potion of mutation {unknown}


   Skills:
 + Level 0.6 Fighting
 + Level 0.8 Ranged Weapons
 + Level 1.0 Armour
 - Level 1.9 Dodging
 + Level 3.0 Stealth
 + Level 1.0 Shields
 + Level 2.5 Spellcasting
 + Level 0.6 Conjurations
 - Level 1.2 Transmutations
 + Level 4.2 Earth Magic


You had 4 spell levels left.
You knew the following spells:

 Your Spells              Type           Power      Damage    Failure   Level
a - Sandblast             Erth           46%        2d11      3%          1
b - Stone Arrow           Conj/Erth      28%        3d8       22%         3

Your spell library contained the following spells:

 Spells                   Type           Power      Damage    Failure   Level
 Passwall                 Tmut/Erth      13%        N/A       10%         2
 Petrify                  Tmut/Erth      16%        N/A       54%         4
 Dispel Undead            Necr           3%         3d7       89%         4
 Death Channel            Necr           1%         N/A       100%        6
 Cigotuvi's Dreadful Rot  Necr/Pois/Air  Unusable   N/A       N/A         2

Dungeon Overview and Level Annotations

Branches:
Dungeon (4/15)
 Temple: D:4-7

Altars:
Fedhas

Annotations:
D:3 Eustachio


Innate Abilities, Weirdness & Mutations

You are immune to sickness and miasma.
Your stone body is resilient. (AC +3)
You are immune to poison.
You resist negative energy. (rN+)
You are resistant to electric shocks. (rElec)
You are resistant to unholy torment.
You are immune to petrification.


Message History

You feel a surge of power!
The blast of sand hits Eustachio.
Eustachio is lightly wounded.
Eustachio hits you with a +0 falchion.
Eustachio casts a spell.
You feel a surge of power!
The blast of sand hits Eustachio.
Eustachio is lightly wounded.
The bat hits you but does no damage.
Eustachio mumbles some strange words.
The bat barely misses you.
You feel a surge of power!
The blast of sand hits Eustachio!
Eustachio is moderately wounded.
The rat disappears in a puff of smoke!
The bat misses you. The bat hits you but does no damage.
Eustachio gestures wildly while chanting.
The river rat bites you! The bat closely misses you.
The quokka barely misses you. The bat barely misses you.
Eustachio completely misses you.
The river rat bites you but does no damage.
You hit Eustachio but do no damage.
Eustachio is moderately wounded.
The bat hits you but does no damage. x2; The quokka closely misses you.
The quasit closely misses you.
The quasit claws you but does no damage. x2
The quokka barely misses you.
Eustachio mumbles some strange words.
Eustachio blinks!
The river rat bites you. The bat hits you but does no damage.
The quasit barely misses you. The quasit claws you.
* * * LOW HITPOINT WARNING * * *
The quasit claws you but does no damage.
The quokka bites you.
* * * LOW HITPOINT WARNING * * *
The river rat closely misses you. The bat barely misses you.
The bat hits you but does no damage. x2
The quasit completely misses you.
The quasit claws you but does no damage.
The quasit misses you. The quokka barely misses you.
The iron imp barely misses you. The white imp gestures at you.
The puff of frost hits you!
You die...

#############
##.....#.....##
##....r5.......##
#....b@.........#
#....5r5........#
#......b.().....#
####'''###......#
#..@# ##.....####
#..(..
#........####
#..?...
#....#.......
#.......
#............
#...K...
#....#.....##


You could see Eustachio, an iron imp (summoned), a quasit (summoned), a river
rat (summoned), a white imp (summoned), a quokka (summoned) and 2 bats.

Vanquished Creatures
  Terence (D:3)
  2 adders
  2 worms
  A dart slug (D:3)
  2 orcs
  5 ball pythons
  2 endoplasms
  7 goblins
  7 hobgoblins
  4 jackals
  A quokka (D:1)
  7 bats
  A frilled lizard (D:1)
  5 kobolds
  2 rats
49 creatures vanquished.

Vanquished Creatures (others)
  10 toadstools (D:3)
10 creatures vanquished.

Grand Total: 59 creatures vanquished

Notes
Turn   | Place    | Note
-------+----------+-------------------------------------------
     0 | D:1      | Aequonox the Gargoyle Earth Elementalist began the quest
                  | for the Orb.
     0 | D:1      | Reached XP level 1. HP: 10/10 MP: 3/3
   102 | D:1      | Reached skill level 1 in Transmutations
   102 | D:1      | Reached XP level 2. HP: 15/15 MP: 0/5
   762 | D:2      | Reached XP level 3. HP: 19/19 MP: 4/6
   893 | D:2      | Learned a level 3 spell: Stone Arrow
   906 | D:2      | Found a blossoming altar of Fedhas.
  1041 | D:2      | Reached skill level 4 in Earth Magic
  1548 | D:3      | Reached XP level 4. HP: 23/24 MP: 0/7
  1616 | D:3      | Noticed Terence
  1624 | D:3      | Killed Terence
  2016 | D:4      | Noticed a lemure
  2035 | D:4      | Reached skill level 1 in Armour
  2035 | D:4      | Reached skill level 1 in Shields
  2035 | D:4      | Noticed Eustachio
  2072 | D:3      | Killed from afar by a white imp

Illustrated notes

Levels and vault maps discovered:
D:1:      erik_arrival_blinker_ship, layout_rooms
D:2:      layout_rooms, basic_altar, minmay_cut_off
D:3:      cheibrodos_fertilizer, layout_rooms, uniq_terence
D:4:      layout_cave_pools, gup_ossuary_entry_pyramid, uniq_eustachio,
          uniq_pikel

Skill      XL: |  1  2  3  4 |
---------------+-------------+-----
Transmutations | 1 |  1.2
Earth Magic    | 4 |  4.2
Armour         | 1 |  1.0
Stealth        | 3 |  3.0
Shields        | 1 |  1.0
Fighting       | |  0.6
Ranged Weapons | |  0.8
Dodging        | |  1.9
Spellcasting   | |  2.5
Conjurations   | |  0.6

Action                     |  1- 3 |  4- 6 || total
---------------------------+-------+-------++-------
  Melee: Unarmed           |     1 |       ||     1
         Flail             |       |     3 ||     3
   Cast: Sandblast         |    56 |    24 ||    80
    Use: Scroll            |       |     6 ||     6
         Potion            |       |     2 ||     2
 Armour: Robe              |    10 |    22 ||    32
  Dodge: Dodged            |    11 |    27 ||    38

Table legend: (Time is in decaauts)
 A = Elapsed time spent in this place.
 B = Non-inter-level travel time spent in this place.
 C = Inter-level travel time spent in this place.
 D = Time resting spent in this place.
 E = Time spent auto-exploring this place.
 F = Levels seen in this place.
 G = Mean time per level.
                   A        B        C        D        E       F      G
               +--------+--------+--------+--------+--------+-----+--------+
         Total |   2115 |   1981 |    134 |    119 |   1440 |   4 |  528.8 |
       Dungeon |   2115 |   1981 |    134 |    119 |   1440 |   4 |  528.8 |
               +--------+--------+--------+--------+--------+-----+--------+

Top non-repeatable levels by time:
     D:1: 761 daAuts
     D:2: 690 daAuts
     D:3: 610 daAuts
     D:4: 53 daAuts
